 Dungeon Crawl Stone Soup version 0.24.0-10-g970556be89 (webtiles) character file.

Game seed: 8827192465882056942, levelgen mode: deterministic

637 XiaXia the Basher (level 7, -7/57 HPs)
             Began as a Minotaur Monk on Nov 4, 2019.
             Splashed by an orc's acid (11 damage)
             ... on level 3 of the Dungeon.
             The game lasted 00:14:02 (4977 turns).

XiaXia the Basher (Minotaur Monk)                   Turns: 4977, Time: 00:14:03

Health: -7/57      AC: -6    Str: 17    XL:     7   Next: 25%
Magic:  6/6        EV: 12    Int:  7    God:
Gold:   134        SH:  3    Dex: 13    Spells: 6/6 levels left

rFire    + . .     SeeInvis .   a - +0 mace
rCold    + . .     Gourm    .   j - +0 buckler
rNeg     . . .     Faith    .   b - +0 robe
rPois    .         Spirit   .   (helmet restricted)
rElec    .         Reflect  .   o - scarf {rC+ rF+}
rCorr    .         Harm     .   (no gloves)
MR       .....                  (no boots)
Stlth    ++........             (no amulet)
HPRegen  0.19/turn              (no ring)
MPRegen  0.10/turn              (no ring)

@: corroded
A: retaliatory headbutt, horns 2
a: no special abilities


You were on level 3 of the Dungeon.
You were not hungry.

You visited 1 branch of the dungeon, and saw 4 of its levels.

You collected 134 gold pieces.

Inventory:

Hand Weapons
 a - a +0 mace (weapon)
Armour
 b - a +0 robe (worn)
 j - a +0 buckler (worn)
 o - a scarf of resistance (worn)
Scrolls
 d - a scroll of magic mapping {unknown}
 e - a scroll of remove curse
 f - a scroll of immolation
 g - a scroll of teleportation
 h - a scroll of identify
 i - 2 scrolls of fog
 m - a scroll of enchant weapon {unknown}
 q - a scroll of enchant armour {unknown}
Potions
 l - 4 potions of curing
 n - a potion of mutation
Comestibles
 c - 2 rations


   Skills:
 - Level 3.6 Fighting
 + Level 10.1 Maces & Flails
 - Level 3.2 Dodging
 - Level 1.5 Stealth


You had 6 spell levels left.
You didn't know any spells.
Your spell library was empty.

Dungeon Overview and Level Annotations

Branches:
Dungeon (4/15)
 Temple: D:4-7

Altars:
Qazlal
Sif Muna
Trog


Innate Abilities, Weirdness & Mutations

You reflexively headbutt those who attack you in melee.
You have a pair of horns on your head.


Message History

There is an open door here.
An orc comes into view.
It is wielding a +0 spear and carrying a wand of acid (5).
The orc shouts!
The orc throws a stone.
The stone misses you.
The orc zaps a wand.
The bolt of acid hits you!! The acid corrodes you!
You are splashed with acid!
You are too injured to fight recklessly!
You are too injured to fight recklessly!
You are too injured to fight recklessly!
The orc throws a stone.
The stone barely misses you.
The orc hits you from afar with a +0 spear.
The orc hits you with a +0 spear.
You closely miss the orc. Your headbutt misses the orc.
The orc hits you with a +0 spear.
You hit the orc. You headbutt the orc, but do no damage.
The orc is heavily wounded.
The orc zaps a wand.
The bolt of acid hits you!
* * * LOW HITPOINT WARNING * * *
The acid corrodes you!
You are splashed with acid!
You die...

#'###.'...........#.# #.#
#.#..###'###.##.## #.#
#.#..# #.# #.....#
#.###.##.###.###.#.####
......##.'.._###......#
..######.###.###..###.#
.># #.# #.# #.####.# #.#
#.###(###......# #.#
#........@######. #.#
###.#.#.#.o...... #.#
#.#...########. #.#
#.###.# #.#
#.###.########### #.#
#.............[.. #.#
#####.###........ #.# #.#
#.#######
#.############.###........


You could see an orc.

Vanquished Creatures
  An ice beast (D:3)
  An ogre (D:3)
  2 orc wizards
  A centaur skeleton (D:4)
  6 orc priests (D:3)
  A howler monkey skeleton (D:4)
  2 adders (D:2)
  4 gnolls (D:3)
  3 oozes
  An adder skeleton (D:2)
  10 worms
  2 dart slugs
  A leopard gecko (D:2)
  6 orcs (D:3)
  4 ball pythons
  4 giant cockroaches (D:2)
  8 goblins
  5 hobgoblins
  5 jackals (D:2)
  8 kobolds
  7 bats
  9 frilled lizards
  18 rats
109 creatures vanquished.

Notes
Turn   | Place    | Note
-------+----------+-------------------------------------------
     0 | D:1      | XiaXia the Minotaur Monk began the quest for the Orb.
     0 | D:1      | Reached XP level 1. HP: 19/19 MP: 0/0
    28 | D:1      | Reached skill level 4 in Maces & Flails
    82 | D:1      | Reached XP level 2. HP: 25/26 MP: 1/1
   399 | D:1      | Reached skill level 5 in Maces & Flails
   548 | D:1      | Reached XP level 3. HP: 31/31 MP: 2/2
  1466 | D:2      | Reached skill level 6 in Maces & Flails
  1466 | D:2      | Reached XP level 4. HP: 39/39 MP: 3/3
  2322 | D:2      | Reached skill level 7 in Maces & Flails
  2322 | D:2      | Reached XP level 5. HP: 45/45 MP: 4/4
  2552 | D:3      | Found a stormy altar of Qazlal.
  2670 | D:3      | Reached skill level 8 in Maces & Flails
  2677 | D:3      | Reached XP level 6. HP: 35/51 MP: 5/5
  3578 | D:3      | Reached skill level 9 in Maces & Flails
  3617 | D:3      | Noticed an ice beast
  3629 | D:3      | Killed an ice beast
  3677 | D:3      | Reached XP level 7. HP: 11/57 MP: 6/6
  4028 | D:3      | Found a shimmering blue altar of Sif Muna.
  4141 | D:3      | Found a bloodstained altar of Trog.
  4382 | D:3      | Reached skill level 10 in Maces & Flails
  4977 | D:3      | Splashed by an orc's acid

Levels and vault maps discovered:
D:1:      elethiomel_arrival_quiet, layout_loops_ring
D:2:      minmay_recursive_quarters, layout_rooms, minmay_increasing_density
D:3:      layout_basic, lemuel_doored_altar, nicolae_overflow_crystal_walls,
          lemuel_round_altar
D:4:      layout_loops_ring, nicolae_overflow_hidden_temple,
          kennysheep_little_box, first_ration, serial_glass, glass_columns_a,
          glass_columns_a, glass_columns_a, glass_columns_a, glass_columns_a,
          gammafunk_ghost_grave

Skill      XL: |  1  2  3  4  5  6  7 |
---------------+----------------------+-----
Maces & Flails | 4 5 6 7 8 9 10 | 10.1
Fighting       | |  3.6
Dodging        | |  3.2
Stealth        | |  1.5

Action                   |  1- 3 |  4- 6 |  7- 9 || total
-------------------------+-------+-------+-------++-------
Melee: Mace              |    89 |   149 |    36 ||   274
       Headbutt          |     9 |    29 |     9 ||    47
  Use: Scroll            |       |    11 |       ||    11
       Potion            |       |     1 |       ||     1
 Stab: Sleeping          |     4 |     1 |     1 ||     6
       Distracted        |       |     1 |       ||     1
  Eat: Chunk             |     1 |     6 |       ||     7
       Ration            |       |     1 |     1 ||     2
Armor: Robe              |    17 |    13 |     3 ||    33
Dodge: Dodged            |    55 |   104 |    23 ||   182
Block: Buckler           |       |       |     4 ||     4
